 Dungeon Crawl Stone Soup version 0.22-a0-348-gd16d139 (webtiles) character file.

7632 Gorglomux the Grappler (level 10, -1/94 HPs)
             Began as a Minotaur Earth Elementalist on Apr 9, 2018.
             Was a High Priest of Okawaru.
             Killed by divine providence
             ... invoked by an orc priest
              (13 damage)
             ... on level 10 of the Dungeon on Apr 10, 2018.
             The game lasted 00:13:40 (9643 turns).

Gorglomux the Grappler (MiEE)                       Turns: 9643, Time: 00:13:40

Health: -1/94      AC: 17    Str: 15    XL:     10   Next: 98%
Magic:  12/12      EV:  9    Int: 12    God:    Okawaru [*****.]
Gold:   410        SH:  0    Dex: 15    Spells: 10/11 levels left

rFire    . . .     SeeInvis .   h - +0 hand axe
rCold    . . .     Gourm    .   (no shield)
rNeg     . . .     Faith    .   K - +0 plate armour
rPois    .         Spirit   .   (helmet restricted)
rElec    .         Reflect  .   W - scarf {repulsion}
rCorr    .         Harm     .   H - +0 pair of gloves
MR       .....                  (no boots)
Stlth    ..........             I - amulet of magic regeneration
HPRegen  0.25/turn              m - +3 ring of dexterity
MPRegen  0.38/turn              (no ring)

@: lethally poisoned (-1 -> -3), heroism, repel missiles
A: retaliatory headbutt, horns 2
a: Heroism, Finesse, Renounce Religion


You were on level 10 of the Dungeon.
You worshipped Okawaru.
Okawaru was extremely pleased with you.
You were hungry.

You visited 1 branch of the dungeon, and saw 10 of its levels.

You collected 410 gold pieces.

Inventory:

Hand Weapons
 h - a +0 hand axe (weapon)
Missiles
 b - 417 stones (quivered)
Armour
 H - a +0 pair of gloves (worn)
 K - a +0 plate armour (worn)
 W - a scarf of repulsion (worn)
Jewellery
 m - a +3 ring of dexterity (left hand)
 I - an amulet of magic regeneration (around neck)
Wands
 A - a wand of acid (10)
 E - a wand of enslavement (23)
 P - a wand of paralysis (14)
Scrolls
 g - 6 scrolls of remove curse {unknown}
 k - 3 scrolls of amnesia {unknown}
 q - 2 scrolls of enchant weapon {unknown}
 u - a scroll of immolation {unknown}
 w - a scroll of enchant armour {unknown}
 M - a scroll of fear {unknown}
 R - 14 scrolls of identify
 T - 2 scrolls of teleportation
 X - a scroll of random uselessness {unknown}
 Y - 3 scrolls of magic mapping {unknown}
 Z - a scroll of noise {unknown}
Potions
 j - 2 potions of brilliance
 v - a potion of cancellation
 J - a potion of might {unknown}
 L - a potion of agility
 N - a potion of lignification {unknown}
 O - 4 potions of mutation {unknown}
 Q - 2 potions of curing
 S - a potion of invisibility {unknown}
 U - 2 potions of flight {unknown}
 V - 7 potions of heal wounds {unknown}
Comestibles
 d - 20 rations
 G - 3 chunks of flesh


   Skills:
 + Level 10.8(15.8) Fighting
 - Level 8.2(13.2) Armour
 - Level 3.3(8.3) Dodging
 - Level 1.5(6.5) Stealth
 + Level 11.8(16.8) Unarmed Combat
 - Level 1.3 Spellcasting
   Level 0.7 Transmutations
 - Level 2.4 Earth Magic
 - Level 5.0 Invocations


You had 10 spell levels left.
You knew the following spells:

 Your Spells              Type           Power        Failure   Level  Hunger
a - Sandblast             Erth           #.....       96%         1    ##.....


Dungeon Overview and Level Annotations

Branches:
Dungeon (10/15)            Temple (0/1) D:6            Lair (0/6) D:9
    Orc (0/2) D:10

Altars:
Ashenzari
Dithmenos
Gozag
Okawaru
Vehumet
Wu Jian
Xom
Beogh


Innate Abilities, Weirdness & Mutations

You reflexively headbutt those who attack you in melee.
You have a pair of horns on your head.


Message History

Unknown command!
Unknown command!
You are feeling hungry!
You carve the orc priest like a ham!
The orc priest is butt-ly wounded!
You completely miss the orc!
Your plate armour prevents you from hitting the orc priest!
The orc priest hits you with a short sword of venom! * * * don't die
* * * You are poisoned!
The orc priest butts you but does no damage!
The orc barely misses you!
You carve the orc priest but butt no damage!
The orc priest is butt-ly wounded!
You closely butts the orc!
You slice the orc priest like a ripe choko!
You feel sick!
The orc priest invokes the aid of Beogh against you!
Beogh smites you!!! rip

#.#ooo #...........# #
###o8.o #...........# ..o'o
#...........# .o8
#...........# #)#
#...........#
#.#######..........####
##..().##...............
.........)o))........#######
....##....o@).......#######.
### #....o#>######.........
#.<.....# #######...
#.......## ##).. #..#.#.##
#...# ...#.#.# #.#.# .. #.#.
#.#.# #. #.#.# ###.#.#


You could see 2 orc priests and an orc.

Vanquished Creatures
  The ghost of p0werm0de the Cleaver, a novice DDFi of Makhleb (D:7)
  The ghost of p0werm0de the Chopper, a novice DDFi (D:5)
  Pikel (D:5)
  3 hornets
  4 yaks (D:9)
  2 basilisks (D:9)
  A hungry ghost (D:10)
  A porcupine (D:9)
  Duvessa (D:7)
  3 sky beasts
  2 orc warriors
  An ice beast (D:10)
  3 centaurs
  2 black bears (D:9)
  A wolf (D:9)
  5 ogres
  3 crocodiles (D:9)
  A big kobold (D:9)
  6 bullfrogs
  Dowan (D:7)
  A wyvern zombie (D:9)
  4 scorpions
  6 howler monkeys
  8 crimson imps
  A centaur zombie (D:7)
  2 bullfrog zombies
  A bullfrog skeleton (D:9)
  5 jellies
  5 orc priests
  A gnoll shaman (D:8)
  A hound (D:10)
  13 orc wizards
  An iguana (D:9)
  2 worker ants
  Ijyb (D:3)
  Robin (D:3)
  12 adders
  11 gnolls
  5 shadow imps
  An ooze (D:5)
  2 adder skeletons
  A worm (D:5)
  2 dart slugs
  3 leopard geckos
  46 orcs
  2 giant cockroaches
  13 goblins
  9 hobgoblins
  6 jackals
  4 quokkas
  3 ball pythons
  A ball python skeleton (D:4)
  11 bats
  6 frilled lizards
  A jackal skeleton (D:4)
  7 kobolds
  A quokka skeleton (D:7)
  9 rats
252 creatures vanquished.

Vanquished Creatures (others)
  An orc wizard (D:10)
  An orc (D:7)
  A fungus (D:9)
3 creatures vanquished.

Grand Total: 255 creatures vanquished

Notes
Turn   | Place    | Note
-------+----------+-------------------------------------------
     0 | D:1      | Gorglomux the Minotaur Earth Elementalist began the quest for the Orb.
     0 | D:1      | Reached XP level 1. HP: 14/14 MP: 1/1
    34 | D:1      | Found an iron altar of Okawaru.
    39 | D:1      | Reached skill level 1 in Unarmed Combat
    57 | D:1      | Became a worshipper of Warmaster Okawaru
   181 | D:1      | Reached XP level 2. HP: 20/20 MP: 3/3
   432 | D:1      | Reached skill level 2 in Unarmed Combat
  1183 | D:2      | Reached skill level 3 in Unarmed Combat
  1183 | D:2      | Reached XP level 3. HP: 21/26 MP: 4/4
  1334 | D:2      | Reached skill level 4 in Unarmed Combat
  1345 | D:2      | Reached XP level 4. HP: 17/33 MP: 5/5
  1362 | D:2      | Reached skill level 5 in Unarmed Combat
  2041 | D:3      | Found an ornate altar of the Wu Jian Council.
  2048 | D:3      | Found a shadowy altar of Dithmenos.
  2083 | D:3      | Reached XP level 5. HP: 37/38 MP: 6/6
  2120 | D:3      | Noticed Ijyb
  2155 | D:3      | Killed Ijyb
  2203 | D:3      | Reached * piety under Okawaru
  2229 | D:3      | Noticed Robin
  2362 | D:3      | Reached skill level 6 in Unarmed Combat
  2377 | D:3      | Reached XP level 6. HP: 38/45 MP: 4/7
  2398 | D:3      | Reached skill level 7 in Unarmed Combat
  2542 | D:3      | Reached skill level 1 in Fighting
  2542 | D:3      | Reached skill level 1 in Armour
  2979 | D:3      | Killed Robin
  3312 | D:4      | Reached skill level 3 in Dodging
  3439 | D:4      | Reached XP level 7. HP: 51/55 MP: 8/8
  3992 | D:5      | Entered Level 5 of the Dungeon
  3993 | D:5      | Noticed p0werm0de's ghost (novice DDFi)
  4201 | D:5      | Reached skill level 1 in Invocations
  4313 | D:5      | Reached ** piety under Okawaru
  4313 | D:5      | Reached skill level 3 in Invocations
  4351 | D:5      | Reached skill level 3 in Fighting
  4351 | D:5      | Reached skill level 3 in Armour
  4431 | D:5      | Found a shattered altar of Ashenzari.
  4646 | D:5      | Killed p0werm0de's ghost
  4646 | D:5      | Reached *** piety under Okawaru
  4646 | D:5      | Reached skill level 8 in Unarmed Combat
  4646 | D:5      | Reached XP level 8. HP: 44/67 MP: 9/9
  4744 | D:5      | Noticed Pikel
  4764 | D:5      | Killed Pikel
  4764 | D:5      | Reached skill level 6 in Fighting
  4785 | D:5      | Reached skill level 6 in Armour
  5277 | D:6      | Reached XP level 9. HP: 75/75 MP: 10/10
  5294 | D:6      | Found a staircase to the Ecumenical Temple.
  5372 | D:6      | Reached **** piety under Okawaru
  5372 | D:6      | Reached skill level 9 in Unarmed Combat
  5476 | D:6      | Found a shimmering altar of Xom.
  6195 | D:7      | Found an opulent altar of Gozag.
  6209 | D:7      | Noticed p0werm0de's ghost (novice DDFi)
  6555 | D:7      | Found a radiant altar of Vehumet.
  6634 | D:7      | Killed p0werm0de's ghost
  6634 | D:7      | Reached skill level 10 in Unarmed Combat
  6749 | D:7      | Noticed Duvessa
  6750 | D:7      | Noticed Dowan
  6756 | D:7      | Killed Duvessa
  6759 | D:7      | Killed Dowan
  7080 | D:8      | Reached XP level 10. HP: 90/90 MP: 11/11
  8311 | D:9      | Reached skill level 9 in Fighting
  8410 | D:9      | Reached ***** piety under Okawaru
  8688 | D:9      | Reached skill level 11 in Unarmed Combat
  8984 | D:9      | Found a staircase to the Lair.
  9012 | D:9      | Paralysed by a hornet for 1 turns
  9483 | D:10     | Entered Level 10 of the Dungeon
  9591 | D:10     | Found a roughly hewn altar of Beogh.
  9591 | D:10     | Found a staircase to the Orcish Mines.
  9640 | D:10     | HP: 4/94 [orc/flail (3)]
  9643 | D:10     | Killed from afar by an orc priest

Vault maps used:
D:1:      minmay_arrival_jagged, serial_aquarium, aquarium_bridge_square,
          aquarium_bridge_island_small, aquarium_window_1, aquarium_window_1,
          aquarium_view_2f, aquarium_view_2a, aquarium_balcony_double_1,
          aquarium_pool_2, okawaru_ov_weapons_minmay
D:3:      grunt_temple_overflow_open, uniq_ijyb, uniq_robin
D:5:      ashenzari_altar_1, first_ration, st_stairs_5, kennysheep_potato,
          uniq_pikel
D:6:      brannock_xom_greatest_gift, minmay_temple_entry_grid
D:7:      fiery_altar_vehumet, lemuel_crystal_altar, uniq_duvessa
D:9:      minmay_lair_entry_grove
D:10:     david_orc_5, grunt_tengu_nest, minmay_protected_statue

Skill      XL: |  1  2  3  4  5  6  7  8  9 10 |
---------------+-------------------------------+-----
Unarmed Combat | 1 3 4 5 6 7 8 10 11 | 11.8
Fighting       | 2 4 6 8 10 | 10.8
Armour         | 1 4 6 8 |  8.2
Dodging        | 3 |  3.3
Invocations    | 3 5 |  5.0
Stealth        | |  1.5
Spellcasting   | |  1.3
Transmutations | |  0.7
Earth Magic    | |  2.4

Action                   |  1- 3 |  4- 6 |  7- 9 | 10-12 || total
-------------------------+-------+-------+-------+-------++-------
Melee: Unarmed           |    85 |   143 |   219 |   252 ||   699
       Headbutt          |    17 |    22 |    45 |    52 ||   136
       Hand axe          |       |     5 |    76 |     5 ||    86
       Punch             |       |     3 |    11 |    14 ||    28
 Cast: Sandblast         |     1 |       |       |       ||     1
Invok: Heroism           |       |     3 |     9 |     5 ||    17
  Use: Potion            |     5 |     1 |       |     1 ||     7
       Scroll            |       |     2 |       |       ||     2
 Stab: Sleeping          |     1 |     1 |       |       ||     2
  Eat: Chunk             |     1 |     6 |    13 |     9 ||    29
Armor: Robe              |     2 |       |       |       ||     2
       Ring mail         |    30 |    63 |    73 |    54 ||   220
       Plate armour      |       |       |       |    29 ||    29
Dodge: Dodged            |    62 |    95 |   142 |   131 ||   430
       Deflected         |       |       |     2 |     5 ||     7

Table legend:
 A = Spawn XP
 B = Non-spawn XP
 C = Spawn XP percentage of total XP
 D = Spawn monster count
 E = Non-spawn monster count
 F = Spawn count percentage of total count
 G = Total turns spent on level
                    A         B        C        D         E        F      G
               +---------+---------+-------+---------+---------+-------+---------
         Total |       0 |   10904 |   0.0 |       0 |     253 |   0.0 |  9643
               +---------+---------+-------+---------+---------+-------+---------
           D:1 |       0 |      18 |   0.0 |       0 |      11 |   0.0 |   858
           D:2 |       0 |     184 |   0.0 |       0 |      36 |   0.0 |  1395
           D:3 |       0 |     492 |   0.0 |       0 |      39 |   0.0 |  1048
           D:4 |       0 |     364 |   0.0 |       0 |      16 |   0.0 |   966
           D:5 |       0 |    1724 |   0.0 |       0 |      16 |   0.0 |   935
           D:6 |       0 |    1297 |   0.0 |       0 |      25 |   0.0 |  1216
           D:7 |       0 |    1332 |   0.0 |       0 |      21 |   0.0 |   614
           D:8 |       0 |    1285 |   0.0 |       0 |      23 |   0.0 |  1082
           D:9 |       0 |    3515 |   0.0 |       0 |      44 |   0.0 |  1369
          D:10 |       0 |     693 |   0.0 |       0 |      22 |   0.0 |   160
               +---------+---------+-------+---------+---------+-------+---------
